 Dungeon Crawl Stone Soup version 0.28.0 (webtiles) character file.

Game seed: 12813774991648739320

240 Dirian the Skirmisher (level 6, -1/53 HPs)
             Began as a Hill Orc Wanderer on Feb 15, 2022.
             Killed by nerve-wracking pain
             ... invoked by an orc priest
              (3 damage)
             ... on level 6 of the Dungeon.
             The game lasted 00:03:41 (3298 turns).

Dirian the Skirmisher (Hill Orc Wanderer)           Turns: 3298, Time: 00:03:42

Health: -1/53      AC:  6    Str: 16    XL:     6   Next: 8%
Magic:  8/8        EV:  9    Int:  9    God:
Gold:   95         SH:  0    Dex: 10    Spells: 7/8 levels left

rFire   . . .      SeeInvis .   d - +1 dagger (flame)
rCold   . . .      Faith    .   (no shield)
rNeg    . . .      Spirit   .   e - +0 scale mail
rPois   .          Reflect  .   (helmet restricted)
rElec   .          Harm     .   (no cloak)
rCorr   .          Rampage  .   (no gloves)
Will    +....      Rage     1%  (no boots)
Stlth   ..........              (no amulet)
HPRegen 0.17/turn               k - ring of willpower
MPRegen 0.11/turn               (no ring)

@: no status effects
A: antennae 1, berserk 1, dopey 1, weak 1, devolution 1
a: Convert to Beogh


You were on level 6 of the Dungeon.
You visited 1 branch of the dungeon, and saw 4 of its levels.

You collected 95 gold pieces.

Inventory:

Hand Weapons
 a - a +3 dagger
 d - a +1 dagger of flaming (weapon)
Armour
 e - a +0 scale mail (worn)
Jewellery
 k - a ring of willpower (left hand)
Scrolls
 j - a scroll of enchant weapon {unknown}
 m - a scroll of enchant armour {unknown}
 t - 2 scrolls of teleportation
Potions
 g - a potion of haste
 l - a potion of attraction {unknown}
 n - 2 potions of curing {unknown}


   Skills:
 + Level 4.7 Fighting
 * Level 4.7 Axes
 - Level 3.6 Throwing
 + Level 2.4 Armour
 + Level 2.5 Shields
 - Level 1.5 Spellcasting
 - Level 1.0 Necromancy


You had 7 spell levels left.
You knew the following spells:

 Your Spells              Type           Power      Damage    Failure   Level
a - Pain                  Necr           8%         1d4       63%         1

Your spell library contained the following spells:

 Spells                   Type           Power      Damage    Failure   Level
 Blink                    Tloc           0%         N/A       88%         2
 Vampiric Draining        Necr           2%         2d6       94%         3
 Lesser Beckoning         Tloc           0%         N/A       98%         3
 Manifold Assault         Tloc           0%         N/A       100%        5


Dungeon Overview and Level Annotations

Branches:
Dungeon (3/15)

Altars:
Yredelemnul


Innate Abilities, Weirdness & Mutations

You have a pair of small antennae on your head.
You tend to lose your temper in combat.
You are dopey. (Int -2)
You are weak. (Str -2)
You have hidden genetic defects.


Message History

You feel very sick.
You feel sick.
There is an open door, spattered with blood here.
Items here: ( ))))) [[.
You feel sick.
You feel sick.
You feel sick. The orc barely misses you.
You hit the orc. You burn the orc.
The orc is heavily wounded.
You feel sick. The orc hits you but does no damage.
You hit the orc. You burn the orc.
The orc is almost dead.
You feel sick. The orc hits you with a +0 hand axe.
* * * LOW HITPOINT WARNING * * *
You closely miss the orc.
The orc is almost dead.
You feel sick.
You are no longer poisoned.
The orc priest begins to cast a cantrip, but forgets the words!
The orc closely misses you.
You hit the orc. You burn the orc.
You kill the orc!
You closely miss the orc priest.
The orc priest is moderately wounded.
The orc priest mumbles some strange prayers to Beogh against you.
Beogh smites you!
* * * LOW HITPOINT WARNING * * *
You hit the orc priest but do no damage.
The orc priest is moderately wounded.
The orc priest shouts, "Surrender to Beogh and we'll let you live!"
The orc priest looks braver for a moment.
You closely miss the orc priest.
The orc priest is moderately wounded.
The orc priest closely misses you.
The orc priest shouts, "Join the one true god or die!"
You hit the orc priest but do no damage.
The orc priest is moderately wounded.
The orc priest invokes the aid of Beogh against you.
Pain shoots through your body!
You die...

##########
#.....[...
####.........
#so[o........
#o##s........
#@##{........
#+##.........
#.............
#.....########
#.....#
.......#
........#
........#
........#


You could see a scorpion, an orc priest and an orc.

Vanquished Creatures
  Sigmund (D:3)
  5 adders
  A worm (D:3)
  A dart slug (D:1)
  6 orcs (D:6)
  5 bats
  An endoplasm (D:3)
  2 giant cockroaches (D:1)
  3 goblins
  3 hobgoblins
  A quokka (D:1)
  2 ball pythons
  A ball python skeleton (D:2)
  A frilled lizard (D:3)
  6 kobolds
  A rat (D:3)
40 creatures vanquished.

Vanquished Creatures (others)
  50 plants (D:3)
50 creatures vanquished.

Grand Total: 90 creatures vanquished

Notes
Turn   | Place    | Note
-------+----------+-------------------------------------------
     0 | D:1      | Dirian the Hill Orc Wanderer began the quest for the Orb.
     0 | D:1      | Dirian set off with the following items: a +3 dagger, a
                  | curare-tipped dart, a +0 leather armour; and the following
                  | spell memorised: Pain; and the following spells available
                  | to memorise: Vampiric Draining
     0 | D:1      | Reached XP level 1. HP: 19/19 MP: 3/3
   270 | D:1      | Reached skill level 1 in Axes
   270 | D:1      | Reached XP level 2. HP: 25/27 MP: 4/4
  1108 | D:2      | Reached skill level 1 in Armour
  1108 | D:2      | Reached skill level 1 in Shields
  1108 | D:2      | Reached XP level 3. HP: 7/33 MP: 5/5
  1722 | D:2      | Found a basalt altar of Yredelemnul.
  2180 | D:3      | Reached XP level 4. HP: 28/40 MP: 6/6
  2800 | D:3      | Found a faded altar of an unknown god.
  2872 | D:3      | Noticed Sigmund
  2877 | D:3      | Gained mutation: Your body sometimes deteriorates upon
                  | taking damage. [potion of mutation]
  2877 | D:3      | Gained mutation: You have hidden genetic defects. [potion
                  | of mutation]
  2877 | D:3      | Gained mutation: You are dopey. (Int -2) [potion of
                  | mutation]
  2877 | D:3      | Gained mutation: You are partially covered in iridescent
                  | scales. (AC +2) [potion of mutation]
  2878 | D:3      | Lost mutation: Your body sometimes deteriorates upon taking
                  | damage. [potion of mutation]
  2878 | D:3      | Lost mutation: You are partially covered in iridescent
                  | scales. (AC +2) [potion of mutation]
  2878 | D:3      | Gained mutation: You tend to lose your temper in combat.
                  | [potion of mutation]
  2878 | D:3      | Gained mutation: You have a pair of small antennae on your
                  | head. [potion of mutation]
  2894 | D:3      | Killed Sigmund
  2895 | D:3      | Reached XP level 5. HP: 6/47 MP: 7/7
  2895 | D:3      | Reached XP level 6. HP: 7/53 MP: 8/8
  2901 | D:3      | Gained mutation: You are weak. (Str -2) [hidden defects]
  3234 | D:3      | You fall into a shaft and drop 3 floors!
  3295 | D:6      | HP: 2/53 [orc priest/divine providence (13)]
  3298 | D:6      | Killed from afar by an orc priest

Illustrated notes

Levels and vault maps discovered:
D:1:      dpeg_arrival_rhombi, layout_rooms, serial_forest,
          infiniplex_forest_clump_large, infiniplex_forest_straight_2,
          infiniplex_forest_lined_2, infiniplex_forest_clump_curved,
          infiniplex_forest_straight_2, infiniplex_forest_lined_room_2,
          infiniplex_forest_lined_corner
D:2:      layout_loops_corners, basic_altar, minmay_cupped
D:3:      layout_basic, nicolae_ecumenical_oubliette, serial_shops,
          nicolae_square_shop, kennysheep_boxes, uniq_sigmund
D:6:      layout_basic, grunt_temple_overflow_lords_of_destruction

Skill      XL: |  1  2  3  4 |
---------------+-------------+-----
Axes           | 1 2 4 |  4.7
Armour         | 1 2 |  2.4
Shields        | 1 2 |  2.5
Fighting       | 4 |  4.7
Throwing       | |  3.6
Spellcasting   | |  1.5
Necromancy     | |  1.0

Action                   |  1- 3 |  4- 6 || total
-------------------------+-------+-------++-------
Melee: Dagger            |    97 |    92 ||   189
 Cast: Pain              |     2 |       ||     2
  Use: Scroll            |     1 |     1 ||     2
       Potion            |       |     3 ||     3
Armor: Leather armour    |    22 |       ||    22
       Ring mail         |     4 |    26 ||    30
       Scale mail        |       |     5 ||     5
Dodge: Dodged            |    61 |    32 ||    93
